 Dungeon Crawl Stone Soup version 0.23-a0-629-gae4348f (console) character file.

908949 Duffy the Archmage (level 27, -1/384 (387) HPs)
             Began as a Naga Fire Elementalist on Dec 24, 2018.
             Was the Champion of Vehumet.
             Succumbed to poison (dark miasma)
             ... on level 25 of a ziggurat on Dec 25, 2018.
             The game lasted 04:19:40 (102401 turns).

Duffy the Archmage (Naga Fire Elementalist)       Turns: 102401, Time: 04:19:41

HP:   -1/384 (387)  AC: 33    Str: 16 (17) XL:     27
MP:   5/72          EV:  1    Int: 32      God:    Vehumet [******]
Gold: 2828          SH: 15    Dex:  8 (9)  Spells: 12/80 levels left

rFire    + . .     SeeInvis +   b - staff of energy {!a}
rCold    x . .     Gourm    +   T - +5 shield of the Blind Marksman {rElec rPois Str+7 Dex-5}
rNeg     + + +     Faith    .   (armour currently unavailable)
rPois    +         Spirit   .   (helmet currently unavailable)
rElec    +         Reflect  .   (cloak currently unavailable)
rCorr    .         Harm     .   (gloves currently unavailable)
MR       +++..     NoTele   +   (no barding)
Stlth    +++.......             P - amulet "Kiseud Velea" {Gourm MP+9}
HPRegen  0.00/turn              I - ring of Qefeis {rPois rN++ MP+9 Dex-2 Stlth+}
MPRegen  0.43/turn              O - ring "Leehung Otuw" {Fire rElec Int+7 Dex+2}

@: lethally poisoned (-1 -> -46), tree-form (expiring), very slightly
contaminated, non-regenerating, badly diseased, slowed, deflect missiles, very
slow
A: large, see invisible, deterioration 1, dopey 1, slow metabolism 1, spit
poison 1, AC +9
}: 4/15 runes: barnacled, slimy, silver, gossamer
a: Spit Poison, Renounce Religion


You were on level 25 of a ziggurat.
You worshipped Vehumet.
Vehumet was exalted by your worship.
You were full.
You were a tree.
You visited 12 branches of the dungeon, and saw 58 of its levels.
You visited 1 ziggurat, and saw 25 of its levels.
You also visited: Ice Cave.

You collected 9484 gold pieces.
You spent 6656 gold pieces at shops.

Inventory:

Hand Weapons
 j - the +9 sword of Zonguldrok {reap}
   (You found it on level 14 of a ziggurat)

   If a monster killed with it leaves a corpse in good enough shape, the corpse
   will be animated as a zombie friendly to the killer.
 l - the +7 great mace "Firestarter" {inner flame, rF++}
   (You found it on level 13 of a ziggurat)

   It has been specially enchanted to burn those struck by it, causing extra
   injury to most foes and up to half again as much damage against particularly
   susceptible opponents.
   It greatly protects you from fire.
 w - the +8 frozen axe "Frostbite" {freezing cloud, *Noise +Fly rC+}
   (You found it on level 20 of a ziggurat)

   It has been specially enchanted to freeze those struck by it, causing extra
   injury to most foes and up to half again as much damage against particularly
   susceptible opponents.
   It can also slow down cold-blooded creatures.
   It protects you from cold.
   It lets you fly.
   It may make noises in combat.
 Z - the +9 staff of Wucad Mu {channel}
   (You bought it in a shop on level 3 of the Vaults)
Missiles
 c - 38 javelins of penetration (quivered)
Armour
 r - a +4 naga barding of cold resistance (melded)
 y - a +2 robe of the Archmagi (melded)
 z - the +3 robe of Clouds {+Thunder rCloud rElec}
   (You found it on level 15 of a ziggurat)

   It insulates you from electricity.
 A - the +2 cloak of the Endless Expanse {MR+ rCorr Str+6}
   (You found it on level 9 of a ziggurat)

   It affects your strength (+6).
   It affects your resistance to hostile enchantments.
   It provides partial protection from all sources of acid and corrosion.
 E - the +5 hat of Proximity (melded) {Int+7 Stlth+}
   (You found it on level 3 of the Shoals)

   It affects your intelligence (+7).
   It makes you more stealthy.
 J - a +2 pair of gloves of dexterity (melded)
 Q - a +2 cloak of cold resistance (melded)
 T - the +5 shield of the Blind Marksman (worn) {rElec rPois Str+7 Dex-5}
   (You took it off a vault warden on level 4 of the Vaults)

   It affects your strength (+7).
   It affects your dexterity (-5).
   It insulates you from electricity.
   It protects you from poison.
Magical Staves
 a - an uncursed staff of conjuration {!a}
 b - an uncursed staff of energy (weapon) {!a}
 h - an uncursed staff of earth {!a}
Jewellery
 e - the cursed necklace of Bloodlust {*Rage +Rage MR++ Int-3 Slay+6 *Curse}
   (You found it on level 24 of a ziggurat)

   [amulet of rage]

   It affects your intelligence (-3).
   It affects your accuracy and damage with ranged weapons and melee attacks
   (+6).
   It affects your resistance to hostile enchantments.
   It lets you go berserk.
   It may make you go berserk in combat.
   It curses itself when equipped.
   It has a curse placed upon it.
 f - the ring of the Mage {Wiz MR++ Int+3}
   (You found it on level 2 of a ziggurat)

   [ring of wizardry]

   It improves your spell success rate.
   It affects your intelligence (+3).
   It affects your resistance to hostile enchantments.
 I - the ring of Qefeis (left branch) {rPois rN++ MP+9 Dex-2 Stlth+}
   (You took it off a fire giant on level 5 of the Vaults)

   [ring of magical power]

   It affects your dexterity (-2).
   It protects you from poison.
   It greatly protects you from negative energy.
   It affects your magic capacity (+9).
   It makes you more stealthy.
 M - the ring "Rafimyqi" {rN+ MR++ Str+3 Slay+6 Stlth-}
   (You found it on level 3 of the Crypt)

   [ring of positive energy]

   It affects your strength (+3).
   It affects your accuracy and damage with ranged weapons and melee attacks
   (+6).
   It protects you from negative energy.
   It affects your resistance to hostile enchantments.
   It makes you less stealthy.
 O - the ring "Leehung Otuw" (right branch) {Fire rElec Int+7 Dex+2}
   (You took it off an ironbrand convoker on level 5 of the Vaults)

   [ring of fire]

   It enhances your fire magic.
   It affects your intelligence (+7).
   It affects your dexterity (+2).
   It protects you from fire.
   It makes you vulnerable to cold.
   It insulates you from electricity.
 P - the amulet "Kiseud Velea" (around neck) {Gourm MP+9}
   (You found it on level 1 of the Vaults)

   [amulet of the gourmand]

   It allows you to eat raw meat even when not hungry.
   It affects your magic capacity (+9).
 V - the ring of Madiy {rCorr +Blink rElec MR- SInv}
   (You took it off a deep elf annihilator on level 3 of the Elven Halls)

   [ring of resist corrosion]

   It insulates you from electricity.
   It affects your resistance to hostile enchantments.
   It lets you see invisible.
   It lets you blink.
Wands
 q - a wand of digging (14)
 F - a wand of iceblast (25)
 R - a wand of acid (18)
Scrolls
 g - 34 scrolls of teleportation
 k - 26 scrolls of identify
 t - 6 scrolls of enchant armour
 x - 5 scrolls of summoning
 B - 8 scrolls of immolation
 C - 14 scrolls of blinking
 S - 8 scrolls of fear
 U - 24 scrolls of fog
 X - 33 scrolls of remove curse
Potions
 d - 3 potions of invisibility
 i - 10 potions of brilliance
 m - 12 potions of heal wounds
 n - 6 potions of flight
 o - 37 potions of curing
 p - 10 potions of lignification
 u - 8 potions of cancellation
 v - 10 potions of agility
 D - 22 potions of mutation
 G - 11 potions of haste
 K - 4 potions of resistance
 L - a potion of magic
 N - 9 potions of ambrosia
Miscellaneous
 s - 6 boxes of beasts
 W - 2 phantom mirrors
 Y - 8 sacks of spiders
Comestibles
 H - 83 rations


   Skills:
 + Level 17.4 Fighting
 - Level 16.0 Throwing
 - Level 6.8 Armour
 - Level 10.0 Dodging
 - Level 3.0 Stealth
 - Level 9.0 Shields
 O Level 27 Spellcasting
 - Level 21.0 Conjurations
 - Level 5.0 Charms
 - Level 5.0 Necromancy
 - Level 17.0 Translocations
   Level 13.4 Transmutations
 - Level 21.0 Fire Magic
 - Level 2.8 Air Magic
 - Level 23.5 Earth Magic
 + Level 20.2 Evocations


You had 12 spell levels left.
You knew the following spells:

 Your Spells              Type           Power        Failure   Level  Hunger
a - Apportation           Tloc           ######       0%          1    None
b - Sublimation of Blood  Necr           ######....   1%          2    None
c - Controlled Blink      Tloc           N/A          3%          8    None
g - Shatter               Erth           ########..   1%          9    None
h - Bolt of Fire          Conj/Fire      ########..   0%          6    None
i - Ignition              Fire           ########..   1%          8    None
j - Lehudib's Crystal Sp  Conj/Erth      ########..   1%          8    None
k - Fireball              Conj/Fire      ########..   0%          5    None
l - Fire Storm            Conj/Fire      ########..   2%          9    None
m - Deflect Missiles      Chrm/Air       ######....   16%         6    None
t - Summon Butterflies    Summ           #####...     1%          1    None
y - Regeneration          Chrm/Necr      ######....   1%          3    None
B - Blink                 Tloc           N/A          0%          2    None

Your spell library contained the following spells:

 Spells                   Type           Power        Failure   Level  Hunger
 Chain Lightning          Conj/Air       #######...   7%          8    None
 Beastly Appendage        Tmut           ######       0%          1    None
 Flame Tongue             Conj/Fire      #####        0%          1    None
 Magic Dart               Conj           ####         0%          1    None
 Sandblast                Erth           ######       0%          1    None
 Shock                    Conj/Air       ####         0%          1    None
 Sting                    Conj/Pois      ####         0%          1    None
 Passwall                 Tmut/Erth      ########     0%          2    None
 Searing Ray              Conj           ######       0%          2    None
 Shroud of Golubria       Chrm/Tloc      #######...   0%          2    None
 Sticks to Snakes         Tmut           #######.     0%          2    None
 Throw Flame              Conj/Fire      ######       0%          2    None
 Throw Frost              Conj/Ice       ######       0%          2    None
 Conjure Flame            Conj/Fire      ########     0%          3    None
 Dazzling Spray           Conj/Hex       ######       0%          3    None
 Gell's Gravitas          Tloc           ########..   0%          3    None
 Ignite Poison            Fire/Tmut/Pois ########     0%          3    None
 Inner Flame              Hex/Fire       ########     0%          3    None
 Lesser Beckoning         Tloc           ########..   0%          3    None
 Static Discharge         Conj/Air       #######.     0%          3    None
 Stone Arrow              Conj/Erth      ######       0%          3    None
 Teleport Other           Tloc           ########     0%          3    None
 Force Lance              Conj/Tloc      ########     0%          4    None
 Iskenderun's Mystic Bla  Conj           ########     0%          4    None
 Passage of Golubria      Tloc           N/A          0%          4    None
 Petrify                  Tmut/Erth      ########     0%          4    None
 Sticky Flame             Conj/Fire      ########     0%          4    None
 Bolt of Magma            Conj/Fire/Erth ########..   0%          5    None
 Irradiate                Conj/Tmut      ########..   0%          5    None
 Lee's Rapid Deconstruct  Erth           ########..   0%          5    None
 Iron Shot                Conj/Erth      ########..   0%          6    None
 Animate Skeleton         Necr           N/A          1%          1    None
 Confusing Touch          Hex            #####.       1%          1    None
 Corona                   Hex            #####..      1%          1    None
 Freeze                   Ice            ####         1%          1    None
 Infusion                 Chrm           ####         1%          1    None
 Pain                     Necr           ####         1%          1    None
 Summon Small Mammal      Summ           ####         1%          1    None
 Call Imp                 Summ           #####...     1%          2    None
 Corpse Rot               Necr           N/A          1%          2    None
 Ensorcelled Hibernation  Hex/Ice        #####.       1%          2    None
 Poisonous Vapours        Pois/Air       ######       1%          2    None
 Slow                     Hex            #####...     1%          2    None
 Song of Slaying          Chrm           ######..     1%          2    None
 Swiftness                Chrm/Air       ######..     1%          2    None
 Call Canine Familiar     Summ           #####...     1%          3    None
 Confuse                  Hex            #####...     1%          3    None
 Mephitic Cloud           Conj/Pois/Air  #######.     1%          3    None
 Ozocubu's Armour         Chrm/Ice       ######..     1%          3    None
 Portal Projectile        Hex/Tloc       ######       1%          3    None
 Recall                   Summ/Tloc      N/A          1%          3    None
 Spider Form              Tmut/Pois      ######....   1%          3    None
 Summon Guardian Golem    Hex/Summ       #####...     1%          3    None
 Tukima's Dance           Hex            #####...     1%          3    None
 Vampiric Draining        Necr           ######....   1%          3    None
 Airstrike                Air            ######....   1%          4    None
 Animate Dead             Necr           N/A          1%          4    None
 Fulminant Prism          Conj/Hex       #######...   1%          4    None
 Ice Form                 Ice/Tmut       ######..     1%          4    None
 Leda's Liquefaction      Hex/Erth       #######...   1%          4    None
 Olgreb's Toxic Radiance  Pois           #####...     1%          4    None
 Throw Icicle             Conj/Ice       #######.     1%          4    None
 Agony                    Necr           ######..     1%          5    None
 Alistair's Intoxication  Tmut/Pois      ######..     1%          5    None
 Blade Hands              Tmut           #######...   1%          5    None
 Bolt of Draining         Conj/Necr      #######...   1%          5    None
 Borgnjor's Vile Clutch   Necr/Erth      #######...   1%          5    None
 Dispel Undead            Necr           ######..     1%          5    None
 Excruciating Wounds      Chrm/Necr      ######....   1%          5    None
 Lightning Bolt           Conj/Air       #######...   1%          5    None
 Venom Bolt               Conj/Pois      #######...   1%          5    None
 Yara's Violent Unravell  Hex/Tmut       ######....   1%          5    None
 Bolt of Cold             Conj/Ice       #######...   1%          6    None
 Conjure Ball Lightning   Conj/Air       #######...   1%          6    None
 Dispersal                Tloc           ########..   1%          6    None
 Freezing Cloud           Conj/Ice/Air   #######...   1%          6    None
 Hydra Form               Tmut           #######...   1%          6    None
 Statue Form              Tmut/Erth      ########.    1%          6    None
 Dragon Form              Tmut           #######...   1%          7    None
 Orb of Destruction       Conj           ########..   1%          7    None
 Spellforged Servitor     Conj/Summ      #######...   1%          7    None
 Ring of Flames           Chrm/Fire      ########..   2%          7    None
 Summon Lightning Spire   Summ/Air       ######..     3%          4    None
 Disjunction              Tloc           ########..   3%          8    None
 Cause Fear               Hex            #####.....   5%          4    None
 Summon Ice Beast         Ice/Summ       #####...     5%          4    None
 Silence                  Hex/Air        ######....   9%          5    None
 Death Channel            Necr           ######....   11%         6    None
 Metabolic Englaciation   Hex/Ice        #####.....   14%         5    None
 Summon Demon             Summ           #####.....   14%         5    None
 Summon Mana Viper        Hex/Summ       #####...     14%         5    None
 Malign Gateway           Summ/Tloc      #######...   14%         7    None
 Ozocubu's Refrigeration  Ice            #####.....   21%         6    None
 Simulacrum               Ice/Necr       ######....   28%         6    None
 Darkness                 Hex            #####.....   63%         6    None
 Invisibility             Hex            #####...     63%         6    None
 Shadow Creatures         Summ           N/A          63%         6    None
 Monstrous Menagerie      Summ           #####.....   99%         7    None
 Summon Greater Demon     Summ           #####.....   99%         7    None
 Summon Hydra             Summ           #####.....   99%         7    None
 Discord                  Hex            #####.....   100%        8    None
 Summon Horrible Things   Summ           #####.....   100%        8    None
 Tornado                  Air            ######....   100%        9    None


Dungeon Overview and Level Annotations

Branches:
Dungeon (15/15)            Temple (1/1) D:5            Lair (6/6) D:11
 Shoals (4/4) Lair:2       Spider (4/4) Lair:4        Slime (5/5) Lair:5
    Orc (2/2) D:10            Elf (3/3) Orc:2        Vaults (5/5) D:14
  Crypt (3/3) Vaults:2       Tomb (0/3) Crypt:3      Depths (5/5) D:15
    Zot (5/5) Depths:5

Altars:
Ashenzari
Cheibriados
Dithmenos
Elyvilon
Fedhas
Gozag
Hepliaklqana
Kikubaaqudgha
Makhleb
Nemelex Xobeh
Okawaru
Qazlal
Ru
Sif Muna
Trog
Uskayaw
Vehumet
Wu Jian
Xom
Yredelemnul
Zin
The Shining One
Beogh
Jiyva

Shops:
D:9 !   D:10 !   D:11 *(   Orc:2 *([=   Elf:1 }   Shoals:1 ?(*   Shoals:4 :
Vaults:3 **((   Vaults:4 ?

Portals:
Hell: Depths:1 Depths:2 Depths:3 Depths:4 Depths:5
Abyss: Depths:2 Depths:4
Pandemonium: Depths:1 Depths:3

Annotations:
Zot:5 1 exclusion


Innate Abilities, Weirdness & Mutations

You cannot wear boots.
((Your serpentine skin is tough. (AC +9)))
You have supernaturally acute eyesight. (SInv)
((Armour fits poorly on your strangely shaped body.))
((Your system is resistant to poisons. (rPois)))
((You cover ground very slowly.))
You have a slow metabolism.
You can spit poison.
((You can use your snake-like lower body to constrict enemies.))
Your body sometimes deteriorates upon taking damage.
You are dopey. (Int -2)


Message History

A storm dragon zombie comes into view.
b - an uncursed staff of energy (weapon)
{!a} You feel very sick.
Nothing appears to happen.
Your transformation is almost over.
You feel very sick.
You channel some magical energy.
You feel slightly less full.
Your skin stops crawling.
You feel very sick.
A mummy priest comes into view.
Casting: Shatter (safe; 1% risk of failure)
Confirm with . or Enter, or press ? or * to list all spells.
Aiming: Fire Storm (slightly dangerous; 2% risk of failure)
Press: ? - help, Dir - move target cursor You feel a surge of power!
A raging storm of fire appears!
The great blast of fire engulfs the storm dragon zombie.
The storm dragon zombie is heavily damaged.
The great blast of fire engulfs the mummy priest.
The mummy priest is almost destroyed.
You die...

#......v............
#...0v00M.........7.
#...00v0v...........
#\..0v00v........PPz
#...0Zv0v.........
#...00000........
#...............
#..%...........
#.7....v......
#............
#...........
##########


You could see a mummy priest, a fire vortex, a storm dragon zombie and 7
friendly fire vortices.

Vanquished Creatures
  the Royal Jelly (Slime:5)
  9 ancient liches
  An orb of fire (Zot:4)
  Sojobo (Vaults:4)
  21 greater mummies
  A shard shrike (Zig:6)
  A Killer Klown (Zot:2)
  Saint Roka (Orc:2)
  Xtahua (Vaults:4)
  3 curse toes
  9 caustic shrikes
  The ghost of Isedumueph the Tortoise, a veteran HuFi of Hepliaklqana (Vaults:4)
  14 golden dragons
  The ghost of Vapoch the Fencer, an adept MiFi of Okawaru (Vaults:2)
  3 profane servitors
  the Enchantress (Depths:1)
  Arachne (Spider:2)
  A bone dragon (Zig:15)
  7 electric golems
  A hellephant (Zig:16)
  A Hell Sentinel (Zig:2)
  A pandemonium lord (Zig:1)
  An Ice Fiend (IceCv)
  21 tentacled monstrosities
  8 liches
  5 Orb Guardians (Zot:5)
  2 deep elf master archers (Elf:3)
  9 quicksilver dragons
  16 titans
  9 sphinxes
  2 deep elf blademasters
  A kraken (Shoals:4)
  40 acid blobs
  18 ancient champions
  18 tengu reavers
  12 death cobs
  29 storm dragons
  14 shadow dragons
  Kirke (D:12)
  Ilsuiw (Shoals:4)
  20 azure jellies
  31 nagarajas
  7 revenants
  12 draconian monks
  11 draconian knights
  18 fire giants
  8 draconian scorchers
  10 ghost moths
  A blood saint (Zig:8)
  6 deep elf sorcerers
  17 vault wardens
  An orc warlord (Orc:2)
  The ghost of melvinkitnick the Imperceptible, an adept SpEn of Gozag (Shoals:3)
  12 emperor scorpions
  6 cacodemons
  4 iron dragons
  2 balrugs (Zig:7)
  12 draconian shifters
  17 frost giants
  11 draconian stormcallers
  4 deep elf elementalists
  11 ironheart preservers
  6 war gargoyles
  A caustic shrike zombie (Zig:7)
  7 curse skulls
  10 draconian annihilators
  4 ghouls
  6 reapers
  18 entropy weavers
  32 stone giants
  2 juggernaut skeletons (Zig:25)
  A stone giant (shapeshifter) (Vaults:5)
  37 very ugly things
  2 bennus (Zig:25)
  18 black draconians
  7 spriggan defenders
  10 vampire knights
  4 dire elephants
  14 green draconians
  14 deep elf demonologists
  20 red draconians
  16 yellow draconians
  The ghost of olly the Nimble, a journeyman OpAs of Dithmenos (Orc:2)
  25 white draconians
  18 purple draconians
  19 spark wasps
  The ghost of Jadatax the Nimble, a journeyman SpBe of Trog (Depths:2)
  The ghost of Jiam the Nimble, a journeyman SpBe of Trog (Depths:3)
  8 deep elf annihilators
  26 ettins
  11 death oozes
  14 merfolk impalers
  The ghost of TheNamelessOne the Destroyer, a journeyman OpAE of Sif Muna (Lair:6)
  15 fire dragons
  9 eidola
  14 merfolk javelineers
  15 deep elf death magi
  12 ogre magi
  12 jiangshi
  23 mummy priests
  12 ice dragons
  22 great orbs of eyes
  3 deep elf high priests
  14 yaktaur captains
  6 naga warriors
  Erolcha (Orc:2)
  29 vault guards
  25 hydras
  6 rakshasas
  11 spriggan air magi
  A catoblepas (Zig:16)
  9 death knights
  8 anacondas
  13 centaur warriors
  6 alligator snapping turtles
  5 merfolk avatars
  25 dancing weapons
  16 merfolk aquamancers
  11 death scarabs
  A queen ant (Spider:2)
  3 satyrs
  3 death yaks (Lair:6)
  24 two-headed ogres
  8 vampire magi
  11 tengu warriors
  4 deep troll shamans
  13 naga sharpshooters
  The ghost of Serurodgh the Grappler, a novice DrTm of Ru (Orc:1)
  6 deep troll earth magi
  Urug (D:12)
  7 spriggan berserkers
  3 orc high priests
  12 shock serpents
  31 hell knights
  Nergalle (D:12)
  2 soul eaters
  2 sun demons
  A shock serpent (shapeshifter) (Depths:1)
  Sonja (Lair:5)
  3 salamander mystics
  30 deep elf knights
  22 skeletal warriors
  13 shadow wraiths
  18 sea snakes
  4 golden dragon zombies
  2 titan skeletons
  13 deep trolls
  A spark wasp zombie (Zig:11)
  10 glowing orange brains
  A quicksilver dragon simulacrum (Crypt:3)
  A kraken simulacrum (Shoals:4)
  A death drake (shapeshifter) (Vaults:4)
  A shadow demon (Depths:3)
  21 flayed ghosts
  An unseen horror (shapeshifter) (Depths:3)
  4 wizards
  3 swamp dragons (shapeshifter)
  An obsidian statue (Depths:3)
  A sea snake (shapeshifter) (Elf:2)
  A lindwurm (shapeshifter) (Vaults:5)
  4 spriggan druids
  8 naga ritualists
  25 deep elf archers
  15 ironbrand convokers
  2 golden dragon skeletons (Zig:25)
  2 tengu zombies
  15 phantasmal warriors
  2 lindwurms
  24 harpies
  10 necromancers
  23 orb spiders
  4 mana vipers
  An iron dragon zombie (Zig:14)
  79 deep elf magi
  20 orc knights
  2 tengu skeletons
  A mana viper (shapeshifter) (Depths:2)
  A fire giant zombie (Zig:6)
  36 wolf spiders
  2 manticores (shapeshifter)
  2 shining eyes (shapeshifter)
  A wolf spider zombie (Vaults:1)
  9 oklob plants
  9 fauns
  49 ugly things
  A cyclops (shapeshifter) (Depths:3)
  A frost giant zombie (Depths:1)
  23 manticores
  8 orc sorcerers
  2 shadow dragon skeletons
  A salamander (Zig:20)
  An iron dragon skeleton (Zig:25)
  8 cyclopes
  12 shining eyes
  24 moths of wrath
  A black mamba (shapeshifter) (Vaults:4)
  30 black mambas
  6 guardian serpents
  2 elephants (Zig:16)
  A spriggan zombie (Zig:10)
  19 vault sentinels
  15 merfolk sirens
  An elephant (shapeshifter) (Zig:22)
  A torpor snail (shapeshifter) (Zig:22)
  3 eyes of devastation (Zig:24)
  3 ice statues
  A rust devil (Zig:2)
  12 water nymphs
  13 naga magi
  2 orange demons (Depths:3)
  2 storm dragon simulacra (Crypt:3)
  15 spiny frogs
  6 torpor snails
  A yaktaur zombie (Depths:1)
  18 freezing wraiths
  12 komodo dragons
  3 kobold demonologists
  A golden dragon simulacrum (IceCv)
  55 yaktaurs
  A komodo dragon (shapeshifter) (D:14)
  A hellwing (Depths:1)
  2 rime drakes
  An efreet (D:14)
  17 demonic crawlers
  2 tormentors (Zig:7)
  5 tengu conjurers
  4 anaconda simulacra (IceCv)
  6 ice devils
  35 guardian mummies
  5 red devils
  A grey draconian skeleton (Crypt:2)
  A human skeleton (Vaults:1)
  5 large abominations (Elf:1)
  36 jumping spiders
  A polar bear (shapeshifter) (Vaults:4)
  10 polar bears
  9 trolls
  A sea snake skeleton (Crypt:1)
  36 merfolk
  A hippogriff (shapeshifter) (Depths:4)
  A meliai (shapeshifter) (D:13)
  3 raiju (Zig:21)
  13 blink frogs
  12 hornets
  A bog body (Crypt:3)
  15 hippogriffs
  2 human simulacra
  117 slime creatures
  10 wind drakes
  5 dream sheep
  A raiju (shapeshifter) (D:13)
  A satyr zombie (Crypt:2)
  19 flying skulls
  A moth of wrath zombie (Crypt:1)
  2 meliai zombies
  A redback (shapeshifter) (Zig:22)
  2 fire giant simulacra
  5 shadows
  14 snapping turtles
  2 dire elephant simulacra (IceCv)
  82 redbacks
  21 spriggans
  A spriggan (shapeshifter) (Depths:4)
  27 tarantellas
  26 yaks
  23 water elementals
  An air elemental (Zig:21)
  3 wyverns
  5 wraiths
  9 ushabtiu
  2 fire elementals
  2 yaks (shapeshifter)
  3 hogs (D:12)
  7 basilisks
  A vampire (D:14)
  3 hungry ghosts
  17 golden eyes
  8 vampire mosquitoes
  A steam dragon (shapeshifter) (Vaults:4)
  A steam dragon (D:9)
  A black mamba skeleton (Crypt:3)
  2 iron troll simulacra (IceCv)
  8 nagas
  A soldier ant (shapeshifter) (D:14)
  10 wargs
  A swamp worm (shapeshifter) (Depths:1)
  A harpy simulacrum (IceCv)
  5 insubstantial wisps (Zig:21)
  4 hydra simulacra (IceCv)
  18 water moccasins
  3 acid dragons
  5 soldier ants (Spider:2)
  2 floating eyes
  9 porcupines
  A water moccasin (shapeshifter) (Depths:3)
  A gelid demonspawn skeleton (Crypt:3)
  An ogre skeleton (Vaults:1)
  A deep troll skeleton (Vaults:1)
  2 merfolk skeletons
  3 hell hounds (Depths:2)
  52 orc warriors
  An infernal demonspawn skeleton (Crypt:2)
  A dream sheep zombie (Crypt:2)
  2 sky beasts
  3 ice beasts
  3 boggarts (Lair:6)
  9 eyes of draining
  An eye of draining (shapeshifter) (Vaults:4)
  A swamp dragon zombie (Crypt:3)
  7 black bears
  2 ettin simulacra
  A tengu (shapeshifter) (Vaults:4)
  4 necrophages
  25 ogres
  2 phantoms
  22 wolves
  21 centaurs
  A centaur (shapeshifter) (Vaults:4)
  18 crocodiles
  2 crocodiles (shapeshifter)
  An elf simulacrum (Vaults:1)
  A big kobold (D:14)
  A hog skeleton (Crypt:3)
  A snapping turtle skeleton (Crypt:3)
  A torpor snail zombie (Crypt:3)
  3 elf zombies
  A salamander skeleton (Crypt:2)
  2 wyvern zombies
  10 bullfrogs
  3 elf skeletons
  A wyvern skeleton (D:9)
  5 scorpions
  A water moccasin zombie (D:7)
  An elephant simulacrum (IceCv)
  3 killer bees
  A killer bee (shapeshifter) (Depths:3)
  A raiju skeleton (Crypt:1)
  An orc simulacrum (Vaults:2)
  A warg skeleton (Crypt:1)
  7 wights
  2 electric eels (Lair:5)
  4 howler monkeys
  A howler monkey (shapeshifter) (Vaults:4)
  5 centaur zombies
  11 crimson imps
  5 hounds
  4 bullfrog zombies
  A draconian simulacrum (IceCv)
  2 hounds (shapeshifter)
  12 jellies
  18 orc priests
  A bullfrog skeleton (D:13)
  6 quasits
  A demonspawn skeleton (Crypt:2)
  5 iron imps
  6 centaur skeletons
  A basilisk skeleton (Crypt:1)
  Natasha (thrice) (D:2)
  An iguana (D:9)
  22 orc wizards
  21 worker ants
  Terence (D:2)
  3 troll simulacra (IceCv)
  A lightning spire (Zig:8)
  3 polar bear simulacra (IceCv)
  A porcupine skeleton (Crypt:2)
  A spriggan simulacrum (IceCv)
  A killer bee zombie (D:7)
  An ogre zombie (Crypt:3)
  5 centaur simulacra (IceCv)
  An acid dragon skeleton (Crypt:1)
  2 hound zombies
  A naga skeleton (Crypt:1)
  A hound skeleton (D:11)
  41 mummies
  A worker ant zombie (D:9)
  Robin (D:2)
  13 adders
  6 gnolls
  A howler monkey skeleton (Crypt:3)
  A naga simulacrum (IceCv)
  2 river rats (shapeshifter) (Vaults:4)
  3 ogre simulacra (IceCv)
  4 shadow imps
  11 white imps
  5 ufetubi (IceCv)
  3 oozes
  A worm zombie (Crypt:2)
  An iguana zombie (Crypt:2)
  An adder skeleton (D:5)
  An adder zombie (Crypt:3)
  A halfling skeleton (Crypt:3)
  A worm (shapeshifter) (Vaults:4)
  3 worms
  A dart slug (shapeshifter) (Depths:3)
  8 leopard geckos
  91 orcs
  An orc (shapeshifter) (Vaults:4)
  12 bats
  A giant cockroach (shapeshifter) (Depths:3)
  12 giant cockroaches
  18 goblins
  7 hobgoblins
  A hobgoblin (shapeshifter) (Depths:3)
  6 jackals
  4 quokkas
  2 ball pythons
  A ball python (shapeshifter) (Depths:3)
  4 frilled lizards
  A goblin skeleton (Crypt:1)
  A jackal skeleton (D:7)
  A jackal zombie (D:6)
  11 kobolds
  A kobold (shapeshifter) (Vaults:4)
  4 rats
  A spectral orc (D:6)
  6 butterflies (D:6)
  147 fire vortices
  8 fungi (Elf:2)
  10 plants
3692 creatures vanquished.

Vanquished Creatures (collateral kills)
  A greater mummy (Zig:14)
  2 caustic shrikes
  A nagaraja (Zig:20)
  An ettin (Zig:22)
  A quicksilver dragon skeleton (Zig:11)
  A dancing weapon (Elf:3)
  A death scarab (Zig:25)
  An orb spider (Zig:19)
  A necromancer (Zig:22)
  2 merfolk (Shoals:2)
  12 mummies
24 creatures vanquished.

Vanquished Creatures (others)
  A manticore (Shoals:2)
  A snapping turtle (Shoals:2)
  4 wolves (Lair:1)
  A white imp (IceCv)
  2 ufetubi (IceCv)
  297 fire vortices
  46 fungi
  5 plants
357 creatures vanquished.

Grand Total: 4073 creatures vanquished

Notes
Turn   | Place    | Note
-------+----------+-------------------------------------------
     0 | D:1      | Duffy the Naga Fire Elementalist began the quest for the
                  | Orb.
     0 | D:1      | Reached XP level 1. HP: 15/15 MP: 3/3
    17 | D:2      | Noticed Natasha
    71 | D:2      | Identified the +1 helmet of Dishonesty {*Slow rPois rC+
                  | Int+6}
    71 | D:2      | Noticed Robin
   217 | D:1      | Reached XP level 2. HP: 5/22 MP: 0/5
  1814 | D:2      | Killed Robin
  1814 | D:2      | Reached XP level 3. HP: 25/28 MP: 1/6
  1879 | D:1      | Learned a level 3 spell: Conjure Flame
  2037 | D:4      | Noticed a scorpion
  2047 | D:3      | Killed a scorpion
  2047 | D:3      | Reached XP level 4. HP: 20/36 MP: 2/7
  2283 | D:5      | Entered Level 5 of the Dungeon
  2283 | D:5      | Noticed a centaur
  2291 | D:4      | Killed a centaur
  2291 | D:4      | Reached skill level 3 in Spellcasting
  2291 | D:4      | Reached XP level 5. HP: 29/42 MP: 3/9
  2502 | D:4      | Found a sparkling altar of Nemelex Xobeh.
  2627 | D:4      | Reached XP level 6. HP: 46/49 MP: 4/10
  2634 | D:4      | Learned a level 4 spell: Sticky Flame
  2771 | D:5      | Noticed an ice beast
  2931 | D:5      | Found a staircase to the Ecumenical Temple.
  2943 | Temple   | Entered the Ecumenical Temple
  3116 | Temple   | Became a worshipper of Vehumet
  4398 | D:2      | Noticed Terence
  4407 | D:2      | Killed Terence
  4407 | D:2      | Reached * piety under Vehumet
  4407 | D:2      | Offered knowledge of Sandblast by Vehumet.
  4598 | D:2      | Killed Natasha
  4598 | D:2      | Reached XP level 7. HP: 55/55 MP: 9/12
  4608 | D:2      | Noticed Natasha
  4620 | D:2      | Killed Natasha
  4672 | D:2      | Noticed Natasha
  4680 | D:2      | Killed Natasha
  5150 | D:3      | Reached skill level 4 in Spellcasting
  5366 | D:3      | Learned a level 5 spell: Fireball
  5426 | D:4      | Found a glowing silver altar of Zin.
  5426 | D:4      | Noticed an angel
  5828 | D:5      | Reached skill level 5 in Conjurations
  5828 | D:5      | Reached skill level 5 in Fire Magic
  5994 | D:5      | Reached ** piety under Vehumet
  5999 | D:5      | Offered knowledge of Sting by Vehumet.
  6315 | D:5      | Reached XP level 8. HP: 62/62 MP: 6/14
  6803 | D:6      | Found a runed door.
  7039 | D:6      | Found a white marble altar of Elyvilon.
  7051 | D:6      | Reached skill level 5 in Spellcasting
  7117 | D:6      | Reached skill level 1 in Fighting
  7205 | D:6      | Offered knowledge of Dazzling Spray by Vehumet.
  7317 | D:6      | Found a runed door.
  7463 | D:6      | Found a sacrificial altar of Ru.
  7657 | D:6      | Found a basalt altar of Yredelemnul.
  8093 | D:7      | Reached skill level 6 in Spellcasting
  8564 | D:7      | Reached *** piety under Vehumet
  8566 | D:7      | Reached XP level 9. HP: 78/78 MP: 12/18
  8925 | D:7      | Found an iron altar of Okawaru.
  9191 | D:8      | Reached skill level 5 in Fighting
  9199 | D:8      | Reached skill level 7 in Spellcasting
  9305 | D:8      | Noticed a hornet
  9314 | D:8      | Killed a hornet
  9493 | D:8      | Found an ornate altar of the Wu Jian Council.
  9948 | D:9      | Offered knowledge of Static Discharge by Vehumet.
 10185 | D:9      | Reached skill level 8 in Spellcasting
 10204 | D:9      | Reached XP level 10. HP: 66/88 MP: 4/22
 10556 | D:9      | Reached **** piety under Vehumet
 10675 | D:9      | Found Kuhoitin's Distillery.
 10683 | D:9      | Bought a potion of lignification for 45 gold pieces
 10683 | D:9      | Bought a potion of resistance for 150 gold pieces
 10836 | D:9      | Offered knowledge of Venom Bolt by Vehumet.
 11423 | D:10     | Entered Level 10 of the Dungeon
 11423 | D:10     | Found a staircase to the Orcish Mines.
 11470 | D:10     | Noticed a two-headed ogre
 11478 | D:10     | Noticed a green ugly thing
 11487 | D:10     | Killed a green ugly thing
 11487 | D:10     | Reached skill level 9 in Spellcasting
 11493 | D:10     | Killed a two-headed ogre
 12021 | D:10     | Reached XP level 11. HP: 82/96 MP: 10/24
 12258 | D:10     | Found Azxaraats's Distillery.
 12266 | D:10     | Bought a potion of degeneration for 13 gold pieces
 12267 | D:10     | Bought a potion of brilliance for 52 gold pieces
 12267 | D:10     | Bought a potion of invisibility for 104 gold pieces
 12267 | D:10     | Bought a potion of cancellation for 104 gold pieces
 12267 | D:10     | Bought a potion of ambrosia for 104 gold pieces
 12544 | D:10     | Reached skill level 10 in Spellcasting
 13052 | D:11     | Found Voocues's Weapon Shop.
 13068 | D:11     | Noticed a seven-headed hydra
 13078 | D:11     | Killed a seven-headed hydra
 13078 | D:11     | Reached skill level 1 in Evocations
 13289 | D:11     | Found Yfacot's Serpentskin Sales.
 13844 | D:11     | Found a staircase to the Lair.
 13878 | D:11     | Noticed a two-headed ogre
 13885 | D:11     | Killed a two-headed ogre
 14374 | D:12     | Noticed Urug
 14384 | D:12     | Killed Urug
 14526 | D:12     | Noticed Kirke
 14531 | D:12     | Noticed a manticore
 14533 | D:12     | Killed Kirke
 14533 | D:12     | Reached XP level 12. HP: 111/111 MP: 5/26
 14814 | D:12     | Reached skill level 11 in Spellcasting
 14814 | D:12     | Reached skill level 5 in Evocations
 15321 | D:12     | Noticed Nergalle
 15327 | D:12     | Killed Nergalle
 15479 | D:12     | You fall through a shaft!
 15483 | D:13     | Noticed a five-headed hydra
 15487 | D:13     | Killed a five-headed hydra
 15930 | D:13     | Noticed a two-headed ogre
 15936 | D:13     | Killed a two-headed ogre
 16359 | D:13     | Noticed a centaur warrior
 16371 | D:13     | Killed a centaur warrior
 17068 | Lair:1   | Entered Level 1 of the Lair of Beasts
 17088 | Lair:1   | Reached skill level 10 in Fighting
 17130 | Lair:1   | Reached skill level 12 in Spellcasting
 17224 | Lair:1   | Reached skill level 1 in Shields
 17292 | Lair:1   | Reached ***** piety under Vehumet
 17400 | Lair:1   | Identified a scroll of acquirement
 17445 | Lair:1   | Offered knowledge of Iron Shot by Vehumet.
 17550 | Lair:1   | Learned a level 6 spell: Iron Shot
 17677 | Lair:1   | Noticed a seven-headed hydra
 17678 | Lair:1   | Noticed a six-headed hydra
 17690 | Lair:1   | Gained mutation: You can use your snake-like lower body to
                  | constrict enemies. [Naga growth]
 17690 | Lair:1   | Reached XP level 13. HP: 118/123 MP: 29/29
 19320 | Lair:2   | Found a staircase to the Shoals.
 19997 | Lair:3   | Got a slimy glass ring
 20347 | Lair:3   | Reached skill level 13 in Spellcasting
 20457 | Lair:3   | Reached skill level 5 in Shields
 20575 | Lair:4   | Identified the ring "Oloet" {AC+4 Dex+3 SInv} (You found it
                  | on level 3 of the Lair of Beasts)
 20945 | Lair:4   | Learned a level 2 spell: Blink
 21253 | Lair:4   | Found a hole to the Spider Nest.
 22109 | Lair:5   | Noticed Sonja
 22112 | Lair:5   | Killed Sonja
 22317 | Lair:5   | Found a staircase to the Slime Pits.
 22317 | Lair:5   | Found a viscous altar of Jiyva.
 22326 | Lair:5   | Got a scorched shortbow
 22617 | Lair:6   | Entered Level 6 of the Lair of Beasts
 22634 | Lair:6   | Noticed a dire elephant
 22651 | Lair:5   | Killed a dire elephant
 23232 | Lair:6   | Reached XP level 14. HP: 113/132 MP: 9/31
 24330 | Lair:6   | Found a runed door.
 24335 | Lair:6   | Noticed TheNamelessOne's ghost (journeyman OpAE)
 24342 | Lair:6   | Killed TheNamelessOne's ghost
 25457 | Lair:6   | Offered knowledge of Conjure Ball Lightning by Vehumet.
 26204 | Orc:1    | Entered Level 1 of the Orcish Mines
 26204 | Orc:1    | Found a roughly hewn altar of Beogh.
 26712 | Orc:1    | Found a runed door.
 26780 | Orc:1    | Noticed Serurodgh's ghost (novice DrTm)
 26781 | Orc:1    | Found a shimmering altar of Xom.
 26791 | Orc:1    | Killed Serurodgh's ghost
 26940 | Orc:1    | Found a roughly hewn altar of Beogh.
 27388 | Orc:2    | Entered Level 2 of the Orcish Mines
 27449 | Orc:2    | Found Ylonwoag's Jewellery Shop.
 27592 | Orc:2    | Noticed an orc warlord
 27958 | Orc:2    | Reached skill level 10 in Fire Magic
 27970 | Orc:1    | Reached skill level 10 in Conjurations
 28153 | Orc:1    | Reached XP level 15. HP: 117/138 MP: 21/32
 28210 | Orc:1    | Offered knowledge of Bolt of Magma by Vehumet.
 28210 | Orc:1    | Reached skill level 14 in Spellcasting
 28433 | Orc:2    | Noticed Saint Roka
 28693 | Orc:2    | Killed an orc warlord
 29030 | Orc:2    | Killed Saint Roka
 29132 | Orc:2    | Found Owenoeri's General Store.
 29140 | Orc:2    | Bought a scroll of identify for 30 gold pieces
 29219 | Orc:2    | Found a staircase to the Elven Halls.
 29421 | Orc:2    | Found Manymaum's Antique Weapon Shop.
 29464 | Orc:2    | Noticed Erolcha
 29468 | Orc:2    | Killed Erolcha
 29561 | Orc:2    | Found Waeriasm's Antique Armour Shop.
 29896 | Orc:2    | Found a runed gate.
 29896 | Orc:2    | Found a runed gate.
 29896 | Orc:2    | Found a runed gate.
 29901 | Orc:2    | Noticed olly's ghost (journeyman OpAs)
 29902 | Orc:2    | Found an iron altar of Okawaru.
 30896 | D:14     | Found a shadowy altar of Dithmenos.
 31365 | D:14     | Reached skill level 1 in Earth Magic
 31477 | D:14     | Found a gate to the Vaults.
 31766 | D:15     | Entered Level 15 of the Dungeon
 33379 | D:15     | Found a staircase to the Depths.
 33379 | D:15     | Noticed a fire giant
 33387 | D:15     | Killed a fire giant
 33917 | Orc:2    | Bought the ring "Plog" {-Tele +Fly rN+ MR+ Dex+2} for 553
                  | gold pieces
 33939 | Elf:1    | Entered Level 1 of the Elven Halls
 33943 | Elf:1    | Reached XP level 16. HP: 146/146 MP: 14/34
 34993 | Elf:1    | Found Xeteucod's Gadget Shop.
 35457 | Elf:1    | Identified Neanasah's Papyrus of Stolen Souls
 35522 | Elf:1    | Learned a level 2 spell: Sublimation of Blood
 36129 | Elf:2    | Reached ****** piety under Vehumet
 36129 | Elf:2    | Reached skill level 15 in Spellcasting
 36274 | Elf:2    | Reached skill level 5 in Earth Magic
 36274 | Elf:2    | Reached skill level 10 in Evocations
 36456 | Elf:2    | Offered knowledge of Bolt of Fire by Vehumet.
 36466 | Elf:1    | Learned a level 6 spell: Bolt of Fire
 36611 | Elf:2    | Learned a level 8 spell: Ignition
 36914 | Elf:2    | Found a runed door.
 37035 | Elf:2    | Found a runed door.
 37054 | Elf:2    | Reached XP level 17. HP: 153/153 MP: 16/36
 37194 | Elf:2    | Got a bloodstained robe
 37195 | Elf:2    | Identified the +1 robe of the Doldrums {+Blink MP+9 Int-2
                  | Dex+3} (You found it on level 2 of the Elven Halls)
 37254 | Elf:3    | Entered Level 3 of the Elven Halls
 38270 | Elf:3    | Identified the ring of Past Mistakes {*Drain *Slow +Blink
                  | EV+3 SInv}
 38270 | Elf:3    | Noticed a deep elf master archer
 38271 | Elf:3    | Noticed a deep elf blademaster
 38272 | Elf:3    | Killed a deep elf master archer
 38279 | Elf:2    | Killed a deep elf blademaster
 38365 | Elf:3    | Noticed a deep elf master archer
 38368 | Elf:3    | Killed a deep elf master archer
 38368 | Elf:3    | Reached skill level 16 in Spellcasting
 38466 | Elf:3    | Offered knowledge of Ozocubu's Refrigeration by Vehumet.
 38935 | Elf:3    | Identified the +5 war axe "Zusokl Eqag" {holy, +Inv rN+
                  | MR-}
 38935 | Elf:3    | Identified the ring of Madiy {rCorr +Blink rElec MR- SInv}
 38944 | Elf:3    | Noticed a deep elf blademaster
 38948 | Elf:3    | Killed a deep elf blademaster
 39090 | Elf:3    | Identified the +7 glaive of the Wary Spirits {speed, MR+
                  | MP+9 Int+4}
 39090 | Elf:3    | Identified the ring "Juix" {rN+ Str+6 Dex-4 Stlth+}
 39376 | Elf:3    | Identified the +9 dagger of Adwuost {drain, rC++ Stlth+}
 39502 | Elf:3    | Identified the +10 hand axe of the Moth {freeze, rF+ SInv}
 39502 | Elf:3    | Identified the +9 shortbow of Ulierr {velocity, rPois rF++
                  | rC- Str+2}
 39508 | Elf:3    | Identified the cursed +1 steam dragon scales of the Skies
                  | Above {Str+4 Int+2 Stlth+}
 39966 | Elf:3    | Identified the Grimoire of Cold and Transmutation
 40002 | Elf:3    | Identified the Tome of Excruciating Cold
 40006 | Elf:3    | Identified Ojumn's Incunabulum of Necromancy
 40018 | Elf:3    | Identified the +2 helmet "Gyvusmeo" {rElec rC- Str+9} (You
                  | found it on level 3 of the Elven Halls)
 40203 | Elf:3    | Identified the +1 ring mail of Nota {Int+4 Slay+6} (You
                  | found it on level 3 of the Elven Halls)
 40643 | Shoals:1 | Entered Level 1 of the Shoals
 40650 | Shoals:1 | Found Ponysmesm's Assorted Antiques.
 40664 | Shoals:1 | Found a frozen archway.
 40668 | Shoals:1 | Reached XP level 18. HP: 84/160 MP: 26/38
 40762 | IceCv    | Entered an ice cave
 41755 | IceCv    | Noticed an Ice Fiend
 41756 | IceCv    | Offered knowledge of Orb of Destruction by Vehumet.
 41775 | IceCv    | Killed an Ice Fiend
 41775 | IceCv    | Reached skill level 17 in Spellcasting
 42036 | Shoals:1 | Bought a scroll of teleportation for 63 gold pieces
 42036 | Shoals:1 | Bought a tapered ivory wand for 84 gold pieces
 42058 | Shoals:1 | Reached skill level 15 in Fire Magic
 42519 | Shoals:1 | Found Likoc's Magic Scroll Emporium.
 42566 | Shoals:1 | Found Bonwizxe's Weapon Emporium.
 43155 | Shoals:1 | Upgraded the game from 0.23-a0-625-g1d2cd9b to
                  | 0.23-a0-629-gae4348f
 43157 | Shoals:1 | Learned a level 1 spell: Summon Butterflies
 43161 | Shoals:1 | Learned a level 3 spell: Regeneration
 43288 | Shoals:2 | Reached skill level 1 in Charms
 43288 | Shoals:2 | Reached skill level 1 in Necromancy
 44042 | Shoals:3 | Found a stormy altar of Qazlal.
 44247 | Shoals:3 | Found a runed gate.
 44250 | Shoals:3 | Found a runed gate.
 44251 | Shoals:3 | Found a runed gate.
 44251 | Shoals:3 | Noticed melvinkitnick's ghost (adept SpEn)
 44657 | Shoals:4 | Entered Level 4 of the Shoals
 45035 | Shoals:4 | Found Wiajonoff's Book Emporium.
 45049 | Shoals:3 | Offered knowledge of Bolt of Cold by Vehumet.
 45644 | Shoals:4 | Reached skill level 1 in Translocations
 45746 | Shoals:4 | Reached skill level 5 in Charms
 45746 | Shoals:4 | Reached skill level 5 in Necromancy
 45754 | Shoals:4 | Got a barnacled rune of Zot
 45797 | Shoals:4 | Noticed Ilsuiw
 45876 | Shoals:4 | Killed Ilsuiw
 45876 | Shoals:4 | Reached XP level 19. HP: 168/168 MP: 35/40
 45976 | Shoals:4 | Identified the +4 quarterstaff of the Scavenger {vamp,
                  | Str+7}
 47650 | Spider:1 | Entered Level 1 of the Spider Nest
 47676 | Spider:1 | Offered knowledge of Lehudib's Crystal Spear by Vehumet.
 47676 | Spider:1 | Offered knowledge of Fire Storm by Vehumet.
 47676 | Spider:1 | Offered knowledge of Chain Lightning by Vehumet.
 47723 | Spider:1 | Learned a level 9 spell: Fire Storm
 48096 | Spider:1 | Reached skill level 18 in Spellcasting
 48839 | Spider:1 | Learned a level 1 spell: Apportation
 49435 | Spider:2 | Noticed Arachne
 49441 | Spider:2 | Killed Arachne
 50999 | Spider:4 | Entered Level 4 of the Spider Nest
 51122 | Spider:4 | Reached XP level 20. HP: 187/187 MP: 18/42
 52916 | Spider:4 | Got a gossamer rune of Zot
 53406 | Orc:2    | Killed olly's ghost
 53711 | Shoals:3 | Killed melvinkitnick's ghost
 53827 | Shoals:3 | Identified the +5 hat of Proximity {Int+7 Stlth+} (You
                  | found it on level 3 of the Shoals)
 54094 | Shoals:1 | Bought a scroll of fog for 20 gold pieces
 54094 | Shoals:1 | Bought a scroll of acquirement for 520 gold pieces
 54094 | Shoals:1 | Bought a scroll of identify for 20 gold pieces
 54127 | Shoals:1 | Bought a scroll of identify for 42 gold pieces
 54127 | Shoals:1 | Bought a scroll of identify for 42 gold pieces
 54127 | Shoals:1 | Bought a scroll of identify for 42 gold pieces
 54127 | Shoals:1 | Bought a potion of heal wounds for 105 gold pieces
 54127 | Shoals:1 | Bought a potion of lignification for 63 gold pieces
 54279 | D:9      | Bought a potion of curing for 45 gold pieces
 54279 | D:9      | Bought a potion of curing for 45 gold pieces
 54279 | D:9      | Bought a potion of curing for 45 gold pieces
 54279 | D:9      | Bought a potion of curing for 45 gold pieces
 54279 | D:9      | Bought a potion of haste for 150 gold pieces
 54279 | D:9      | Bought 2 potions of heal wounds for 150 gold pieces
 54279 | D:9      | Bought a potion of heal wounds for 75 gold pieces
 54279 | D:9      | Bought a potion of curing for 45 gold pieces
 54326 | D:10     | Bought a potion of heal wounds for 65 gold pieces
 54326 | D:10     | Bought a potion of heal wounds for 65 gold pieces
 54326 | D:10     | Bought a potion of curing for 39 gold pieces
 54326 | D:10     | Bought a potion of curing for 39 gold pieces
 54326 | D:10     | Bought a potion of curing for 39 gold pieces
 54491 | Vaults:1 | Entered Level 1 of the Vaults
 54661 | Vaults:1 | Reached skill level 15 in Fighting
 55344 | Vaults:1 | Got a warped platinum amulet
 55345 | Vaults:1 | Identified the amulet "Kiseud Velea" {Gourm MP+9} (You
                  | found it on level 1 of the Vaults)
 55459 | Vaults:1 | Reached skill level 1 in Armour
 55749 | Vaults:1 | Reached XP level 21. HP: 172/202 MP: 22/43
 56749 | Vaults:2 | Reached skill level 5 in Armour
 57123 | Vaults:2 | Found a staircase to the Crypt.
 57447 | Vaults:2 | Found a runed door.
 57447 | Vaults:2 | Found a shimmering altar of Xom.
 57447 | Vaults:2 | Identified the +11 halberd "Lutila" {chaos, rPois}
 57447 | Vaults:2 | Noticed Vapoch's ghost (adept MiFi)
 57551 | Vaults:2 | Reached skill level 5 in Dodging
 57650 | Vaults:2 | Identified the +7 hand axe "Jigoon" {drain, rF++ Str+4
                  | Int+4 Dex-3}
 57853 | Vaults:2 | Got a twitching graven amulet
 57854 | Vaults:2 | Identified the amulet "Gieh" {Inacc Int+4 Dex+3} (You found
                  | it on level 2 of the Vaults)
 59030 | Vaults:3 | Found Faeluw's Antique Weapon Emporium.
 59037 | Vaults:3 | Found Fipoucarr's Assorted Antiques.
 59209 | Vaults:3 | Found Zeol's Assorted Antiques.
 59550 | Vaults:3 | Identified the +1 ring mail of Ehach {rPois rF+ MR+} (You
                  | found it on level 3 of the Vaults)
 60446 | Vaults:3 | Found Vevyag's Weapon Shop.
 60559 | Vaults:3 | Reached XP level 22. HP: 211/211 MP: 44/44
 60559 | Vaults:3 | Reached skill level 10 in Dodging
 60734 | Vaults:4 | Found Idub's Magic Scroll Emporium.
 60755 | Vaults:4 | Bought a scroll of blinking for 127 gold pieces
 61334 | Vaults:4 | Identified the +5 shield of the Blind Marksman {rElec rPois
                  | Str+7 Dex-5}
 61569 | Vaults:4 | Reached skill level 19 in Spellcasting
 61858 | Vaults:4 | Noticed Xtahua
 61858 | Vaults:4 | Noticed Sojobo
 61868 | Vaults:4 | Killed Xtahua
 61877 | Vaults:4 | Killed Sojobo
 62165 | Vaults:4 | Found a runed gate.
 62165 | Vaults:4 | Found a runed gate.
 62165 | Vaults:4 | Found a runed gate.
 62272 | Vaults:4 | Found a runed gate.
 62272 | Vaults:4 | Found a runed gate.
 62276 | Vaults:4 | Found a runed gate.
 62289 | Vaults:4 | Noticed Isedumueph's ghost (veteran HuFi)
 63016 | Vaults:4 | Killed Isedumueph's ghost
 63165 | Vaults:4 | Identified the +2 cloak of Birdsong {Str+3} (You found it
                  | on level 4 of the Vaults)
 63457 | Depths:1 | Entered Level 1 of the Depths
 63458 | Depths:1 | Reached XP level 23. HP: 216/216 MP: 46/46
 63848 | Depths:1 | Found a gateway to a ziggurat.
 63849 | Depths:1 | Reached skill level 20 in Spellcasting
 63849 | Depths:1 | Reached skill level 15 in Conjurations
 63863 | Depths:1 | Found a gateway to Hell.
 63977 | Depths:1 | Identified the +0 faerie dragon scales {Regen+ rCorr}
 63977 | Depths:1 | Noticed the Enchantress
 63979 | Depths:1 | Killed the Enchantress
 64958 | Depths:1 | Found a one-way gate leading to the halls of Pandemonium.
 65405 | Depths:2 | Found a one-way gate to the infinite horrors of the Abyss.
 65479 | Depths:2 | Found a large runed door.
 65480 | Depths:2 | Found a large runed door.
 65482 | Depths:2 | Noticed Jadatax's ghost (journeyman SpBe)
 65489 | Depths:2 | Killed Jadatax's ghost
 66218 | Depths:2 | Noticed a golden dragon
 66223 | Depths:2 | Reached XP level 24. HP: 222/224 MP: 47/47
 66440 | Depths:2 | Noticed a caustic shrike
 66645 | Depths:2 | Reached skill level 21 in Spellcasting
 67672 | Depths:3 | Found a runed gate.
 67673 | Depths:3 | Found a runed gate.
 67675 | Depths:3 | Found a runed gate.
 67882 | Depths:3 | Found a runed gate.
 67882 | Depths:3 | Found a runed gate.
 67888 | Depths:3 | Found a runed gate.
 67888 | Depths:3 | Identified the cursed +1 robe "Zuneep" {*Drain rF+ Str+3
                  | Dex+10}
 67894 | Depths:3 | Noticed Jiam's ghost (journeyman SpBe)
 69224 | Depths:3 | Learned a level 8 spell: Lehudib's Crystal Spear
 69575 | Depths:3 | Reached XP level 25. HP: 232/232 MP: 24/48
 70211 | Depths:3 | Gained mutation: Your body sometimes deteriorates upon
                  | taking damage. [a cacodemon]
 70212 | Depths:3 | Reached skill level 22 in Spellcasting
 70212 | Depths:3 | Killed Jiam's ghost
 72405 | Depths:5 | Entered Level 5 of the Depths
 72413 | Depths:5 | Reached skill level 10 in Earth Magic
 73383 | Depths:5 | Reached XP level 26. HP: 240/240 MP: 43/49
 74030 | Depths:5 | Found a gate to the Realm of Zot.
 74512 | Crypt:1  | Entered Level 1 of the Crypt
 75327 | Crypt:2  | Found a basalt altar of Yredelemnul.
 75341 | Crypt:2  | Reached skill level 23 in Spellcasting
 76649 | Crypt:3  | Entered Level 3 of the Crypt
 77328 | Crypt:3  | Found a staircase to the Tomb.
 78385 | Crypt:3  | Identified the cursed +1 scale mail "Enesch" {Int+4}
 78701 | Crypt:3  | Found a basalt altar of Yredelemnul.
 78704 | Crypt:3  | Found an ancient bone altar of Kikubaaqudgha.
 78718 | Crypt:3  | Got a scorched tin ring
 78718 | Crypt:3  | Got a flickering pewter ring
 78718 | Crypt:3  | Got a wavering iron ring
 78766 | Crypt:3  | Identified the ring of the Jolly Queens {rN+ MR+} (You
                  | found it on level 3 of the Crypt)
 78768 | Crypt:3  | Identified the ring "Rafimyqi" {rN+ MR++ Str+3 Slay+6
                  | Stlth-} (You found it on level 3 of the Crypt)
 78769 | Crypt:3  | Identified the ring "Zafucuygg" {rPois rN+ Dex+2} (You
                  | found it on level 3 of the Crypt)
 78950 | Vaults:5 | Entered Level 5 of the Vaults
 78951 | Vaults:5 | Reached XP level 27. HP: 244/244 MP: 50/50
 79541 | Vaults:5 | Identified the +2 pair of gloves "Nibeq" {rPois Str+3} (You
                  | found it on level 5 of the Vaults)
 80223 | Vaults:5 | Identified the ring of Kuishryfu {*Tele *Corrode rC++ MP+9
                  | SInv}
 80516 | Vaults:5 | Got a silver rune of Zot
 80518 | Vaults:5 | Noticed an ancient lich
 80525 | Vaults:5 | Killed an ancient lich
 80525 | Vaults:5 | Reached skill level 24 in Spellcasting
 80587 | Vaults:5 | Identified the ring of Qefeis {rPois rN++ MP+9 Dex-2
                  | Stlth+}
 80796 | Vaults:5 | Noticed an ancient lich
 80798 | Vaults:5 | Killed an ancient lich
 80803 | Vaults:5 | Identified the ring "Leehung Otuw" {Fire rElec Int+7 Dex+2}
 81030 | Vaults:5 | Identified the +3 falchion of Esutsur {freeze, rN+ Str-3
                  | Int+4}
 81036 | Vaults:5 | Found the +3 crown of Dyrovepreva {rElec Int+2 SInv}
 81036 | Vaults:5 | Identified the Tome of Air and Fire
 81040 | Vaults:5 | Identified Sif Muna's Guide on Enchanting Displacement
 81051 | Vaults:5 | Identified the cursed +3 falchion of Symmetry {elec, rElec
                  | rN+ MR- Dex+3}
 81051 | Vaults:5 | Identified the ring "Punublex" {+Blink +Inv EV+2}
 82276 | Slime:1  | Entered Level 1 of the Pits of Slime
 82681 | Slime:3  | Reached skill level 25 in Spellcasting
 83027 | Slime:5  | Entered Level 5 of the Pits of Slime
 83426 | Slime:5  | Noticed the Royal Jelly
 83430 | Slime:5  | Killed the Royal Jelly
 83634 | Slime:5  | Got a glittering jade ring
 83650 | Slime:5  | Got a shimmering lead ring
 83743 | Slime:5  | Got a slimy rune of Zot
 84189 | Slime:5  | Identified the ring of the Commoners {+Blink rPois Int-2
                  | Slay+3 Stlth+} (You found it on level 5 of the Pits of
                  | Slime)
 84191 | Slime:5  | Identified the ring "Reud Recug" {EV+2 SInv Stlth+} (You
                  | found it on level 5 of the Pits of Slime)
 85133 | Slime:1  | Gained mutation: You are dopey. (Int -2) [a shining eye]
 85670 | Slime:4  | Reached skill level 26 in Spellcasting
 87443 | Vaults:2 | Killed Vapoch's ghost
 87539 | Vaults:2 | Identified the +0 naga barding of Elyvilon's Delight {rF+}
                  | (You acquired it on level 2 of the Vaults)
 87541 | Vaults:2 | Identified the +2 helmet of Mysticism {*Corrode +Blink
                  | Dex+6} (You acquired it on level 2 of the Vaults)
 87838 | Zot:1    | Entered Level 1 of the Realm of Zot
 88547 | Zot:1    | Reached skill level 27 in Spellcasting
 88588 | Zot:1    | Learned a level 9 spell: Shatter
 88661 | Zot:1    | Noticed an ancient lich
 88667 | Zot:1    | Killed an ancient lich
 91513 | Zot:3    | Reached skill level 15 in Earth Magic
 92369 | Zot:4    | Reached skill level 15 in Evocations
 92444 | Zot:4    | Noticed an orb of fire
 92994 | Zot:4    | Killed an orb of fire
 93997 | Zot:4    | Identified the cursed +0 leather armour "Codaenoh" {rF-
                  | rC+++ rN+++ Str-2} (You found it on level 4 of the Realm of
                  | Zot)
 94294 | Zot:5    | Entered Level 5 of the Realm of Zot
 95944 | Vaults:3 | Bought the +9 staff of Wucad Mu {channel} for 2600 gold
                  | pieces
 95944 | Vaults:3 | Found the +9 staff of Wucad Mu {channel}
 95955 | Vaults:4 | Bought a scroll of teleportation for 51 gold pieces
 95955 | Vaults:4 | Bought a scroll of identify for 34 gold pieces
 95955 | Vaults:4 | Bought a scroll of identify for 34 gold pieces
 95955 | Vaults:4 | Bought a scroll of fear for 59 gold pieces
 95955 | Vaults:4 | Bought a scroll of identify for 34 gold pieces
 95994 | Vaults:3 | Bought a scroll of amnesia for 147 gold pieces
 95994 | Vaults:3 | Bought a scroll of amnesia for 147 gold pieces
 95994 | Vaults:3 | Bought a potion of curing for 126 gold pieces
 95994 | Vaults:3 | Bought a scroll of identify for 84 gold pieces
 95994 | Vaults:3 | Bought a potion of heal wounds for 210 gold pieces
 96719 | Zig:1    | Entered Level 1 of a ziggurat
 96722 | Zig:1    | Noticed Vuinerr the pandemonium lord
 96724 | Zig:1    | Killed Vuinerr the pandemonium lord
 96724 | Zig:1    | Reached skill level 1 in Transmutations
 96765 | Zig:2    | Entered Level 2 of a ziggurat
 96767 | Zig:2    | Found the ring of the Mage {Wiz MR++ Int+3}
 96826 | Zig:3    | Entered Level 3 of a ziggurat
 96858 | Zig:4    | Entered Level 4 of a ziggurat
 97002 | Zig:5    | Entered Level 5 of a ziggurat
 97008 | Zig:5    | Reached skill level 5 in Transmutations
 97079 | Zig:6    | Entered Level 6 of a ziggurat
 97212 | Zig:6    | Learned a level 6 spell: Deflect Missiles
 97286 | Zig:7    | Entered Level 7 of a ziggurat
 97291 | Zig:7    | Reached skill level 1 in Air Magic
 97322 | Zig:7    | Got a sparkling turquoise ring
 97322 | Zig:7    | Got a translucent zirconium amulet
 97579 | Zig:7    | Identified the amulet "Rinenwaz" {Inacc +Inv rPois rF-
                  | Int+4} (You found it on level 7 of a ziggurat)
 97581 | Zig:7    | Identified the ring "Taud" {Str+4 Slay+1 SInv} (You found
                  | it on level 7 of a ziggurat)
 97599 | Zig:8    | Entered Level 8 of a ziggurat
 97702 | Zig:8    | Got a scorched whip
 97703 | Zig:8    | Identified the cursed +3 whip "Esexiew" {venom, rN+ Int-3
                  | SInv Stlth+} (You found it on level 8 of a ziggurat)
 97772 | Zig:9    | Entered Level 9 of a ziggurat
 97783 | Zig:9    | Reached skill level 1 in Throwing
 97833 | Zig:9    | Got a smoking cloak
 97844 | Zig:9    | Identified the +2 cloak of the Endless Expanse {MR+ rCorr
                  | Str+6} (You found it on level 9 of a ziggurat)
 97880 | Zig:10   | Entered Level 10 of a ziggurat
 97889 | Zig:10   | Noticed a greater mummy
 97891 | Zig:10   | Killed a greater mummy
 97896 | Zig:10   | Noticed a greater mummy
 97897 | Zig:10   | Killed a greater mummy
 98113 | Zig:10   | Identified The Second Course in Spellcasting
 98118 | Zig:10   | Identified Sif Muna's Reference Book on Transmutation
 98205 | Zig:11   | Entered Level 11 of a ziggurat
 98221 | Zig:11   | Noticed a greater mummy
 98222 | Zig:11   | Killed a greater mummy
 98224 | Zig:11   | Killed a greater mummy
 98224 | Zig:11   | Killed a greater mummy
 98685 | Zig:12   | Entered Level 12 of a ziggurat
 98736 | Zig:12   | Got a flickering iron ring
 98773 | Zig:12   | Identified the ring "Jubulid" {+Fly rElec Dex+3} (You found
                  | it on level 12 of a ziggurat)
 98776 | Zig:12   | Got a jewelled mace
 98777 | Zig:12   | Identified the +10 mace of Wufen {venom, Str+4 Int+7 Dex-4}
                  | (You found it on level 12 of a ziggurat)
 98809 | Zig:13   | Entered Level 13 of a ziggurat
 98819 | Zig:13   | Reached skill level 5 in Throwing
 98830 | Zig:13   | Found the +7 great mace "Firestarter" {inner flame, rF++}
 99004 | Zig:13   | Identified the +1 robe "Fyedef" {rC++ Str+4 Int+9 Dex-5}
                  | (You found it on level 13 of a ziggurat)
 99044 | Zig:14   | Entered Level 14 of a ziggurat
 99060 | Zig:14   | Noticed a greater mummy
 99063 | Zig:14   | Killed a greater mummy
 99157 | Zig:14   | Found the +9 sword of Zonguldrok {reap}
 99183 | Zig:14   | Identified the ring of Temptation {*Tele +Blink rElec rF-
                  | SInv} (You found it on level 14 of a ziggurat)
 99221 | Zig:15   | Entered Level 15 of a ziggurat
 99237 | Zig:15   | Noticed an ancient lich
 99239 | Zig:15   | Killed an ancient lich
 99249 | Zig:15   | Found the +3 robe of Clouds {+Thunder rCloud rElec}
 99299 | Zig:15   | Identified the Collected Works on the Lucky Glacier
 99335 | Zig:15   | Learned a level 8 spell: Controlled Blink
 99359 | Zig:15   | Got a slimy bronze ring
 99360 | Zig:15   | Got an opal-encrusted leather armour
 99371 | Zig:15   | Identified the +1 leather armour of the Trombone {rC+
                  | Stlth+} (You found it on level 15 of a ziggurat)
 99385 | Zig:15   | Identified the ring of Qadal {rN+ Int+4} (You found it on
                  | level 15 of a ziggurat)
 99440 | Zig:16   | Entered Level 16 of a ziggurat
 99508 | Zig:16   | Got a silken robe
 99519 | Zig:16   | Identified the +2 robe of Serendipity {Slay+3} (You found
                  | it on level 16 of a ziggurat)
 99627 | Zig:16   | Got an ebony flail
 99628 | Zig:16   | Identified the cursed +3 flail of the Skies Above {flame,
                  | rC+} (You found it on level 16 of a ziggurat)
 99631 | Zig:16   | Got an encrusted war axe
 99632 | Zig:16   | Identified the cursed +1 war axe of Kisof {chop, *Noise
                  | rPois rC- Int+9} (You found it on level 16 of a ziggurat)
 99635 | Zig:16   | Got a slimy morningstar
 99636 | Zig:16   | Identified the +6 morningstar "Ywnazy" {speed, rF+} (You
                  | found it on level 16 of a ziggurat)
 99644 | Zig:17   | Entered Level 17 of a ziggurat
 99659 | Zig:17   | Noticed an ancient lich
 99660 | Zig:17   | Reached skill level 5 in Translocations
 99661 | Zig:17   | Killed an ancient lich
 99663 | Zig:17   | Noticed an ancient lich
 99664 | Zig:17   | Killed an ancient lich
 99849 | Zig:17   | Got a glittering pewter ring
 99850 | Zig:17   | Identified the ring of Huaveuta {*Tele Str+3} (You found it
                  | on level 17 of a ziggurat)
 99856 | Zig:17   | Got a dazzling flail
 99857 | Zig:17   | Identified the +7 flail of Conformity {pain, rPois Stlth+}
                  | (You found it on level 17 of a ziggurat)
 99861 | Zig:17   | Reached skill level 10 in Translocations
 99914 | Zig:18   | Entered Level 18 of a ziggurat
100140 | Zig:18   | Got a wavering pewter ring
100141 | Zig:18   | Identified the ring of Zinageot {Str+4 Int+2} (You found it
                  | on level 18 of a ziggurat)
100151 | Zig:18   | Got a crude falchion
100152 | Zig:18   | Identified the cursed +0 falchion "Geolon" {pain, Str+3}
                  | (You found it on level 18 of a ziggurat)
100155 | Zig:18   | Got a dazzling hand crossbow
100156 | Zig:18   | Identified the +3 hand crossbow of Duffy's Terror {elec,
                  | Dex+4} (You found it on level 18 of a ziggurat)
100225 | Zig:19   | Entered Level 19 of a ziggurat
100450 | Zig:19   | Got an ichor-stained ring mail
100461 | Zig:19   | Identified the +5 ring mail of Ceri {rN+ Dex+2} (You found
                  | it on level 19 of a ziggurat)
100539 | Zig:20   | Entered Level 20 of a ziggurat
100571 | Zig:20   | Found the +8 frozen axe "Frostbite" {freezing cloud, *Noise
                  | +Fly rC+}
100572 | Zig:20   | Reached skill level 10 in Throwing
100617 | Zig:20   | Identified the Compendium of Confrontation and Clay
100807 | Zig:20   | Got an ancient flail
100808 | Zig:20   | Identified the +6 flail "Aubergine" {freeze, -Tele +Rage
                  | +Inv Stlth-} (You found it on level 20 of a ziggurat)
100884 | Zig:21   | Entered Level 21 of a ziggurat
100906 | Zig:21   | Reached skill level 15 in Translocations
101313 | Zig:21   | Identified the ring of Atuopiph {*Tele +Blink rElec Dex-2
                  | Stlth-} (You found it on level 21 of a ziggurat)
101367 | Zig:22   | Entered Level 22 of a ziggurat
101394 | Zig:22   | Noticed an ancient lich
101395 | Zig:22   | Killed an ancient lich
101396 | Zig:22   | Killed an ancient lich
101402 | Zig:22   | Noticed an ancient lich
101403 | Zig:22   | Killed an ancient lich
101453 | Zig:22   | Identified the Compendium of Confrontation
101455 | Zig:22   | Identified Zayj Cop's Collected Works on Creative Boosts
101501 | Zig:22   | Identified Sif Muna's Compendium of Cloudy Necromancy
101687 | Zig:23   | Entered Level 23 of a ziggurat
101719 | Zig:23   | Reached skill level 15 in Throwing
101796 | Zig:23   | Identified the Volume of Quantum Leap
102015 | Zig:23   | Identified the cursed +1 leather armour of Curiosity
                  | {*Drain rElec rF+ Int+2} (You found it on level 23 of a
                  | ziggurat)
102016 | Zig:23   | Identified the amulet of Moodiness {Inacc Int+6} (You found
                  | it on level 23 of a ziggurat)
102094 | Zig:24   | Entered Level 24 of a ziggurat
102136 | Zig:24   | Found the cursed necklace of Bloodlust {*Rage +Rage MR++
                  | Int-3 Slay+6 *Curse}
102213 | Zig:24   | Got a bound emerald amulet
102298 | Zig:24   | Identified the amulet of Xom's Passing Interest {*Corrode
                  | rF+ Regen+ Str+9 Int+3} (You found it on level 24 of a
                  | ziggurat)
102307 | Zig:25   | Entered Level 25 of a ziggurat
102318 | Zig:25   | Noticed a greater mummy
102318 | Zig:25   | Noticed a greater mummy
102318 | Zig:25   | Noticed a greater mummy
102328 | Zig:25   | Killed a greater mummy
102328 | Zig:25   | Noticed a greater mummy
102329 | Zig:25   | Killed a greater mummy
102331 | Zig:25   | Killed a greater mummy
102331 | Zig:25   | Killed a greater mummy
102335 | Zig:25   | Noticed a greater mummy
102340 | Zig:25   | Noticed a greater mummy
102341 | Zig:25   | Noticed a greater mummy
102341 | Zig:25   | Killed a greater mummy
102342 | Zig:25   | Killed a greater mummy
102342 | Zig:25   | Killed a greater mummy
102344 | Zig:25   | Noticed a greater mummy
102344 | Zig:25   | Noticed a greater mummy
102346 | Zig:25   | Killed a greater mummy
102347 | Zig:25   | Killed a greater mummy
102347 | Zig:25   | Noticed a greater mummy
102347 | Zig:25   | Noticed a greater mummy
102348 | Zig:25   | Killed a greater mummy
102351 | Zig:25   | Noticed a greater mummy
102352 | Zig:25   | Killed a greater mummy
102352 | Zig:25   | Killed a greater mummy
102354 | Zig:25   | Killed a greater mummy
102356 | Zig:25   | Noticed a greater mummy
102357 | Zig:25   | Noticed a greater mummy
102358 | Zig:25   | Killed a greater mummy
102359 | Zig:25   | Killed a greater mummy
102384 | Zig:25   | Noticed a greater mummy
102389 | Zig:25   | Killed a greater mummy
102397 | Zig:25   | HP: 17/384 [poison (dark miasma)]
102400 | Zig:25   | HP: 4/384 [poison (dark miasma)]
102401 | Zig:25   | Succumbed to poison (dark miasma)

Vault maps used:
D:1:      grunt_arrival_crossed_arrows
D:2:      item_on_display_a, uniq_terence, uniq_natasha, uniq_robin
D:3:      first_ration
D:4:      zin_angel, nemelex_lonely_heart_becter
D:5:      minmay_temple_entry_statues_fountains
D:6:      lemuel_insect_pit, old_standard_altar, kennysheep_little_box,
          yredelemnul_forgotten_temple_becter, minmay_misc_feat_x
D:7:      kennysheep_okawaru_gauntlet, corner_web_ring
D:8:      lemuel_coloured_pillars_altar
D:9:      serial_shops, shop, hangedman_fish_farm
D:10:     minmay_general_purpose_star, orc_0_dummy, serial_shops, shop
D:11:     grunt_lair_entry_orc_guard_hut, serial_shops, shop,
          guppyfry_shop_venom
D:12:     uniq_kirke, uniq_urug, uniq_nergalle
D:13:     minmay_strange_pillars
D:14:     david_vaults_5, grunt_dithmenos_shadows, kennysheep_generic_room_9
D:15:     grunt_enter_depths_giant_problem, wad_floor_pattern_untrapped
Temple:   eino_temple_scatter_basement
Lair:1:   minmay_lair_oklob_chamber, grunt_megastairs_2, lemuel_fruit_tree
Lair:2:   minmay_shoals_entry_lonely_mermaid
Lair:3:   beast_lair_carwin_3
Lair:4:   dummy_spider_entry, serial_bayou_shore_a
Lair:5:   slime_altar_1, dpeg_stationary_puzzle, uniq_sonja
Lair:6:   minmay_lair_end_enchanted_forest, ebering_ghost_reflecting_pool,
          grunt_megastairs_3
Shoals:1: cheibrodos_shoals_epimethial_gifts, serial_shops,
          nicolae_shop_waterfront, shop, nicolae_shop_trees,
          portal_ice_cave_entry_ice_statue_one
Shoals:2: nicolae_shoals_square_sea_wall
Shoals:3: gammafunk_ghost_tricky_traps, lemuel_altar_in_water
Shoals:4: shoals_end_grunt_ice, shoal_ilsuiw, serial_shops,
          nicolae_shop_waterfront
Spider:2: nicolae_spider_ant_collections, uniq_arachne
Spider:4: grunt_spider_rune_circles
Slime:4:  cheibrodos_slime_lost_civilization_10,
          nicolae_slime_welcoming_committee
Orc:1:    ebering_ghost_xom, hangedman_feature_mirror
Orc:2:    grunt_orc_gardens, grunt_orc_garden, grunt_orc_garden,
          grunt_orc_garden, grunt_orc_garden, gammafunk_ghost_fury_of_okawaru,
          uniq_saint_roka, uniq_erolcha
Elf:1:    serial_shops, shop, minmay_elf_necromancy, st_stairs_1,
          minmay_misc_feat_pillars
Elf:3:    elf_hall
Vaults:1: v_pattern_5, ontoclasm_vaults_tryst, hangedman_vaults_corner_blocks,
          ontoclasm_vaults_bender, v_misc_24, serial_ice_b,
          nicolae_vaults_shelves_hall, vaults_room_semicircle, v_misc_16,
          nicolae_vaults_little_squares_6
Vaults:2: ebering_vaults_ghost_xom, st_octagons_2,
          hangedman_vaults_stretched_pinwheel, v_pattern_3,
          vaults_room_large_hall, serial_ice_b, v_alt_pattern_5,
          nicolae_vaults_asterisk, v_alt_pattern_2, blue_anna_dwarven_crypt,
          vaults_room_fours, ontoclasm_vaults_claustrophobia,
          nicolae_vaults_diagonal_hallway_8, hangedman_vaults_impose,
          nicolae_vaults_hallways_thing
Vaults:3: vaults_room_door_ring, nicolae_vaults_asterisk,
          nicolae_vaults_branching_niches,
          vaults_standard_mumra_enter_the_diamond, v_misc_19, vaults_dpeg_cross,
          ontoclasm_vaults_ring_small, ontoclasm_vaults_pinch, v_alt_pattern_6,
          nicolae_vaults_alarming, hangedman_vaults_capsules, serial_shops,
          shop_statue, nicolae_shop_overgrown_old_shop, shop, shop
Vaults:4: ploomutoo_gammafunk_vaults_ghost_potion_laboratory, v_misc_3,
          hangedman_vaults_trim, nicolae_vaults_rhombus_5, v_misc_25,
          nicolae_vaults_little_squares_2, st_more_cells,
          vaults_room_large_hall, grunt_vaults_hallway_short,
          vaults_room_semicircle, hangedman_vaults_impose,
          vaults_mumra_minichess, v_misc_14, vaults_room_door_ring,
          nicolae_vaults_mini_display_case, serial_shops, shop, uniq_sojobo,
          uniq_xtahua
Vaults:5: serial_shops
Crypt:2:  basic_altar, st_stairs_8
Crypt:3:  lightli_unholy_cathedral, nicolae_tomb_entry_grand_gallery,
          st_stairs_9
Depths:1: ziggurat_fallback, grunt_pan_entry_zigzag, hell_entry, hex_tiny,
          st_stairs_8, minivault_12, serial_bayou_shore_b, uniq_enchantress
Depths:2: evilmike_inaccessible_box, hangedman_abyss_or_decor_jellyfish_corner,
          ebering_ghost_disaster_area, abyss_entry, special_room,
          hangedman_tar_grid_catacomb, infiniplex_staircase_spiral_double
Depths:3: evilmike_diamond_2, serial_glass, glass_columns_a, glass_columns_a,
          minmay_misc_feat_encased, pan_entry, grunt_hell_entry_demonic_statue,
          ploomutoo_gammafunk_ghost_potion_laboratory
Depths:4: cheibrodos_salmonella, grunt_hell_entry_dis_mu,
          kennysheep_minor_cross, abyss_entry
Depths:5: grunt_crosshair, serial_bayou_pond_a, hell_entry,
          hangedman_decor_diamond_cutter
Zot:1:    grunt_deathspiral_small, hangedman_zot_wheel_spokes
Zot:4:    hangedman_elemental_corridor
Zot:5:    bh_zot_lava_cross
Zig:2:    ziggurat_pillar_centre_c
Zig:5:    ziggurat_pillar_centre_dead_trees
Zig:12:   ziggurat_pillar_centre_oklobs
Zig:13:   ziggurat_pillar_centre_smoke
Zig:22:   ziggurat_pillar_centre_dispersal
Zig:25:   ziggurat_pillar_centre_more_plants
IceCv:    ice_cave_caverns_02

Skill      XL: |  1  2  3  4  5  6  7  8  9 10 11 12 13 14 15 16 17 18 19 20 21 22 23 24 25 26 27 |
---------------+----------------------------------------------------------------------------------+-----
Conjurations   | 2 3 4 5 6 8 10 11 12 14 16 18 19 21 | 21.0
Spellcasting   | 3 4 6 8 9 10 12 13 14 15 16 17 18 19 20 21 22 23 27 | 27.0
Fire Magic     | 4 5 6 8 10 11 12 14 15 16 18 19 21 | 21.0
Fighting       | 4 5 8 10 13 15 17 | 17.4
Evocations     | 4 6 7 9 10 20 | 20.2
Shields        | 2 8 9 |  9.0
Earth Magic    | 2 5 6 11 12 23 | 23.5
Charms         | 5 |  5.0
Necromancy     | 5 |  5.0
Translocations | 2 17 | 17.0
Dodging        | 4 9 10 | 10.0
Armour         | 2 6 |  6.8
Transmutations | 13 | 13.4
Air Magic      | 2 |  2.8
Throwing       | 16 | 16.0
Stealth        | |  3.0

Action                   |  1- 3 |  4- 6 |  7- 9 | 10-12 | 13-15 | 16-18 | 19-21 | 22-24 | 25-27 || total
-------------------------+-------+-------+-------+-------+-------+-------+-------+-------+-------++-------
Melee: Unarmed           |       |       |     7 |       |       |       |       |       |       ||     7
 Cast: Flame Tongue      |    39 |    97 |   241 |   341 |   109 |       |       |       |       ||   827
       Conjure Flame     |       |     1 |    23 |    41 |    17 |       |       |       |       ||    82
       Sticky Flame      |       |       |    15 |    51 |    85 |     5 |       |       |       ||   156
       Fireball          |       |       |       |    51 |   412 |   249 |    41 |    17 |     9 ||   779
       Iron Shot         |       |       |       |       |    18 |    37 |    23 |   170 |    40 ||   288
       Blink             |       |       |       |       |     3 |     3 |     1 |     4 |     4 ||    15
       Bolt of Fire      |       |       |       |       |       |   202 |   552 |   320 |   884 ||  1958
       Regeneration      |       |       |       |       |       |     2 |     7 |     5 |    16 ||    30
       Sublimation of Bl |       |       |       |       |       |     2 |     4 |     4 |     3 ||    13
       Ignition          |       |       |       |       |       |     2 |    27 |    32 |    54 ||   115
       Apportation       |       |       |       |       |       |       |    23 |     3 |   779 ||   805
       Fire Storm        |       |       |       |       |       |       |       |       |   182 ||   182
       Lehudib's Crystal |       |       |       |       |       |       |       |       |   140 ||   140
       Shatter           |       |       |       |       |       |       |       |       |    66 ||    66
       Deflect Missiles  |       |       |       |       |       |       |       |       |     3 ||     3
 Abil: Spit Poison       |    17 |    12 |    17 |     1 |       |       |       |       |       ||    47
Evoke: Wand              |       |       |     4 |     9 |    45 |     5 |    11 |     8 |     2 ||    84
       Staff of energy   |       |       |       |       |    90 |   110 |    35 |    59 |    71 ||   365
  Use: Scroll            |       |       |       |     9 |    16 |    12 |    10 |     2 |    43 ||    92
       Potion            |       |       |       |       |     1 |       |       |       |    20 ||    21
  Eat: Chunk             |     3 |     4 |     9 |    24 |    27 |    12 |    46 |    31 |    57 ||   213
       Ration            |       |     1 |     2 |       |     5 |     6 |     4 |       |    11 ||    29
Armor: Robe              |     8 |    15 |    49 |     1 |       |    50 |       |    69 |   226 ||   418
       Troll leather arm |       |       |       |    69 |   137 |    47 |   103 |    35 |       ||   391
       Skin              |       |       |       |       |       |       |       |       |    66 ||    66
Dodge: Dodged            |    29 |    48 |   112 |   103 |   124 |    52 |    62 |    80 |   196 ||   806
       Deflected         |       |       |       |       |       |       |       |       |    23 ||    23
Block: Buckler           |       |       |       |     3 |     3 |       |       |       |       ||     6
       Shield            |       |       |       |       |   139 |   134 |    87 |   175 |   406 ||   941

Table legend:
 A = Non-vault XP
 B = Vault XP
 C = Vault XP percentage of total XP
 D = Non-vault monster count
 E = Vault monster count
 F = Vault count percentage of total count
                 A         B        C        D         E       F
            +---------+---------+-------+---------+---------+-------
      Total | 1999342 |  850407 |  29.8 |    2582 |     949 |  26.9
            +---------+---------+-------+---------+---------+-------
        D:1 |      56 |      19 |  25.3 |      28 |      10 |  26.3
        D:2 |      99 |      83 |  45.6 |      15 |       3 |  16.7
        D:3 |     113 |       0 |   0.0 |      22 |       0 |   0.0
        D:4 |     217 |       0 |   0.0 |      11 |       0 |   0.0
        D:5 |     750 |       0 |   0.0 |      27 |       0 |   0.0
        D:6 |     606 |     173 |  22.2 |      19 |       9 |  32.1
        D:7 |     670 |       4 |   0.6 |      21 |       2 |   8.7
        D:8 |     670 |       0 |   0.0 |       8 |       0 |   0.0
        D:9 |    3327 |     282 |   7.8 |      34 |       1 |   2.9
       D:10 |    3657 |    1013 |  21.7 |      29 |       5 |  14.7
       D:11 |    3570 |     923 |  20.5 |      19 |       8 |  29.6
       D:12 |    1914 |    4235 |  68.9 |      11 |       6 |  35.3
       D:13 |    8586 |       0 |   0.0 |      32 |       0 |   0.0
       D:14 |    8157 |    5394 |  39.8 |      26 |       8 |  23.5
       D:15 |   10851 |    1800 |  14.2 |      25 |       1 |   3.8
     Lair:1 |    6605 |    2112 |  24.2 |      23 |       7 |  23.3
     Lair:2 |    3285 |     458 |  12.2 |      12 |       1 |   7.7
     Lair:3 |     970 |     379 |  28.1 |       4 |       2 |  33.3
     Lair:4 |    5257 |       0 |   0.0 |      23 |       0 |   0.0
     Lair:5 |    5227 |    1850 |  26.1 |      17 |       6 |  26.1
     Lair:6 |    8906 |    9759 |  52.3 |      27 |      46 |  63.0
   Shoals:1 |    7293 |    6411 |  46.8 |      12 |      11 |  47.8
   Shoals:2 |    8644 |       0 |   0.0 |      17 |       0 |   0.0
   Shoals:3 |   13046 |    8623 |  39.8 |      29 |      14 |  32.6
   Shoals:4 |   26481 |   31200 |  54.1 |      51 |      40 |  44.0
   Spider:1 |   13933 |       0 |   0.0 |      45 |       0 |   0.0
   Spider:2 |   12472 |    8490 |  40.5 |      33 |      17 |  34.0
   Spider:3 |   15514 |       0 |   0.0 |      35 |       0 |   0.0
   Spider:4 |   16416 |   24387 |  59.8 |      34 |      42 |  55.3
    Slime:1 |   16974 |       0 |   0.0 |      34 |       0 |   0.0
    Slime:2 |   17719 |       0 |   0.0 |      29 |       0 |   0.0
    Slime:3 |   10686 |       0 |   0.0 |      21 |       0 |   0.0
    Slime:4 |   22351 |     300 |   1.3 |      40 |       7 |  14.9
    Slime:5 |   25418 |   25695 |  50.3 |      29 |      11 |  27.5
      Orc:1 |    4387 |    5755 |  56.7 |      37 |      20 |  35.1
      Orc:2 |    4115 |   22762 |  84.7 |      39 |      37 |  48.7
      Elf:1 |   17623 |    4363 |  19.8 |      26 |       9 |  25.7
      Elf:2 |   27384 |   26238 |  48.9 |      41 |      31 |  43.1
      Elf:3 |   13131 |   43007 |  76.6 |      20 |      30 |  60.0
   Vaults:1 |   37405 |    6783 |  15.4 |      66 |      11 |  14.3
   Vaults:2 |   39751 |   32089 |  44.7 |      64 |      41 |  39.0
   Vaults:3 |   32341 |    8126 |  20.1 |      54 |      14 |  20.6
   Vaults:4 |   38876 |   65361 |  62.7 |      75 |      52 |  40.9
   Vaults:5 |   29456 |  131959 |  81.8 |      39 |      85 |  68.5
    Crypt:1 |   16767 |       0 |   0.0 |      31 |       0 |   0.0
    Crypt:2 |   27568 |    1006 |   3.5 |      44 |       2 |   4.3
    Crypt:3 |   26492 |   45063 |  63.0 |      35 |      47 |  57.3
   Depths:1 |   48123 |   32087 |  40.0 |      53 |      36 |  40.4
   Depths:2 |   54932 |   71463 |  56.5 |      64 |      58 |  47.5
   Depths:3 |   34643 |   87033 |  71.5 |      35 |      77 |  68.8
   Depths:4 |   37370 |   23840 |  38.9 |      23 |      18 |  43.9
   Depths:5 |   64044 |   19826 |  23.6 |      46 |      16 |  25.8
      Zot:1 |   66245 |   55718 |  45.7 |      42 |      34 |  44.7
      Zot:2 |   55497 |       0 |   0.0 |      31 |       0 |   0.0
      Zot:3 |   55639 |       0 |   0.0 |      35 |       0 |   0.0
      Zot:4 |   90246 |    7518 |   7.7 |      51 |       6 |  10.5
      Zot:5 |   28439 |   13588 |  32.3 |      21 |       5 |  19.2
      Zig:1 |    3002 |       0 |   0.0 |       1 |       0 |   0.0
      Zig:2 |    3490 |       0 |   0.0 |       3 |       0 |   0.0
      Zig:3 |    8369 |       0 |   0.0 |       3 |       0 |   0.0
      Zig:4 |    4457 |     437 |   8.9 |       5 |       1 |  16.7
      Zig:5 |    5159 |       0 |   0.0 |       7 |       0 |   0.0
      Zig:6 |    9006 |       0 |   0.0 |       6 |       0 |   0.0
      Zig:7 |    7323 |       0 |   0.0 |      10 |       0 |   0.0
      Zig:8 |   14327 |      31 |   0.2 |      10 |       1 |   9.1
      Zig:9 |    9249 |       0 |   0.0 |      17 |       0 |   0.0
     Zig:10 |   21532 |       0 |   0.0 |      22 |       0 |   0.0
     Zig:11 |   25450 |      50 |   0.2 |      27 |       1 |   3.6
     Zig:12 |   27861 |    3306 |  10.6 |      25 |       6 |  19.4
     Zig:13 |   27811 |       0 |   0.0 |      19 |       0 |   0.0
     Zig:14 |   22891 |       0 |   0.0 |      40 |       0 |   0.0
     Zig:15 |   43967 |       0 |   0.0 |      25 |       0 |   0.0
     Zig:16 |   31585 |       0 |   0.0 |      40 |       0 |   0.0
     Zig:17 |   60388 |       0 |   0.0 |      31 |       0 |   0.0
     Zig:18 |   31155 |       0 |   0.0 |      58 |       0 |   0.0
     Zig:19 |   36392 |       0 |   0.0 |      52 |       0 |   0.0
     Zig:20 |   52167 |       0 |   0.0 |      59 |       0 |   0.0
     Zig:21 |   69566 |       0 |   0.0 |      49 |       0 |   0.0
     Zig:22 |   91853 |       0 |   0.0 |      48 |       0 |   0.0
     Zig:23 |   68060 |       0 |   0.0 |      73 |       0 |   0.0
     Zig:24 |   65945 |       0 |   0.0 |      56 |       0 |   0.0
     Zig:25 |  127423 |       0 |   0.0 |      82 |       0 |   0.0
      IceCv |       0 |    9408 | 100.0 |       0 |      54 | 100.0
            +---------+---------+-------+---------+---------+-------
